 Dungeon Crawl Stone Soup version 0.29.1-15-g9cfb28693d (webtiles) character file.

Game seed: 7212062441462842470

79 Barriton the Conjurer (level 4, -4/33 HPs)
             Began as a Draconian Conjurer on Apr 24, 2023.
             Slain by p0werm0de's ghost (8 damage)
             ... on level 3 of the Dungeon.
             The game lasted 00:04:41 (3221 turns).

Barriton the Conjurer (Draconian Conjurer)          Turns: 3221, Time: 00:04:41

Health: -4/33      AC:  5    Str:  9    XL:     4   Next: 16%
Magic:  1/8        EV: 12    Int: 16    God:
Gold:   140        SH:  0    Dex: 12    Spells: 5/8 levels left

rFire   . . .      SeeInvis .   f - +0 quarterstaff
rCold   . . .      Faith    .   (shield currently unavailable)
rNeg    . . .      Spirit   .   (body armour unavailable)
rPois   .          Reflect  .   (helmet restricted)
rElec   .          Harm     .   (no cloak)
rCorr   .          Rampage  .   (no gloves)
Will    .....                   (no boots)
Stlth   ++........              (no amulet)
HPRegen 0.11/turn               (no ring)
MPRegen 0.11/turn               (no ring)

@: no status effects
A: AC +5, unfitting armour, cold-blooded, dopey 1, no potion heal 1, MP-powered
wands
a: no special abilities


You were on level 3 of the Dungeon.
You visited 1 branch of the dungeon, and saw 3 of its levels.

You collected 140 gold pieces.

Inventory:

Hand Weapons
 f - a +0 quarterstaff (weapon)
Potions
 a - a potion of magic
 b - 2 potions of flight
 c - 6 potions of curing
 e - a potion of might {unknown}
 g - a potion of invisibility {unknown}
 h - a potion of heal wounds {unknown}


   Skills:
 + Level 0.2 Fighting
 + Level 0.6 Staves
 + Level 1.9 Dodging
 + Level 1.9 Stealth
 + Level 2.8 Spellcasting
 + Level 4.9 Conjurations


You had 5 spell levels left.
You knew the following spells:

 Your Spells              Type           Power      Damage    Failure   Level
a - Magic Dart            Conj           72%        1d6       2%          1
b - Searing Ray           Conj           36%        2d5       3%          2

Your spell library contained the following spells:

 Spells                   Type           Power      Damage    Failure   Level
 Apportation              Tloc           4%         N/A       19%         1
 Necrotise                Necr           8%         1d4       19%         1
 Summon Small Mammal      Summ           8%         N/A       19%         1
 Dazzling Flash           Conj/Hex       20%        N/A       21%         3
 Confusing Touch          Hex            2%         N/A       50%         3
 Gell's Gravitas          Tloc           2%         N/A       50%         3
 Lesser Beckoning         Tloc           2%         N/A       50%         3
 Teleport Other           Tloc           2%         N/A       50%         3
 Fulminant Prism          Conj/Hex       5%         3d7       56%         4
 Iskenderun's Mystic Bla  Conj/Tloc      10%        2d4       56%         4
 Yara's Violent Unravell  Hex/Tmut       1%         3d3       99%         5
 Enfeeble                 Hex            1%         N/A       100%        7


Dungeon Overview and Level Annotations

Branches:
Dungeon (3/15)

Altars:
Trog

Shops:
D:3 :

Annotations:
D:3 p0werm0de's ghost, weakling MiFi


Innate Abilities, Weirdness & Mutations

Your plain brown scales are hard. (AC +5)
You cannot fit into any form of body armour.
You are cold-blooded and may be slowed by cold attacks.
You are dopey. (Int -2)
Potions are less effective at restoring your health.
You expend magic power (3 MP) to strengthen your wands.


Message History

(Press . to maintain the ray.) P0werm0de's ghost closely misses you.
The searing ray hits p0werm0de's ghost.
P0werm0de's ghost is moderately damaged.
P0werm0de's ghost misses you.
The searing ray hits p0werm0de's ghost.
P0werm0de's ghost is moderately damaged.
P0werm0de's ghost closely misses you.
The searing ray hits p0werm0de's ghost.
P0werm0de's ghost is heavily damaged.
You finish channelling your searing ray.
P0werm0de's ghost hits you. P0werm0de's ghost closely misses you.
Casting: Searing Ray (safe; 3% risk of failure)
Confirm with . or Enter, or press ? or * to list all spells.
Aiming: Searing Ray (safe; 3% risk of failure)
Press: ? - help, Shift-Dir - straight line, f/p - p0werm0de's ghost
Aim: p0werm0de's ghost (heavily damaged, 84% to hit)
The searing ray hits p0werm0de's ghost.
P0werm0de's ghost is heavily damaged. (Press . to maintain the ray.) P0werm0de's ghost hits you but does no damage.
You hit p0werm0de's ghost.
P0werm0de's ghost is severely damaged.
P0werm0de's ghost hits you!
You hit p0werm0de's ghost but do no damage.
P0werm0de's ghost is severely damaged.
P0werm0de's ghost closely misses you.
You hit p0werm0de's ghost.
P0werm0de's ghost is almost destroyed.
P0werm0de's ghost hits you!
* * * LOW HITPOINT WARNING * * *
You hit p0werm0de's ghost but do no damage.
P0werm0de's ghost is almost destroyed.
P0werm0de's ghost barely misses you.
P0werm0de's ghost hits you but does no damage.
You hit p0werm0de's ghost.
P0werm0de's ghost is almost destroyed.
P0werm0de's ghost hits you!
You die...

##.#######....##⌠##..............
........<....##...##......#.###.#
##########..##.....##...........#
#.)#⌠.!♣?.⌠#.......##..#
#..##.....##........#..#
#...##...##........##..#
##...##.##......#.###...
#....#W#.......#.#...##
#.#...@...##.###.#####
#........###.#.....#
###..).....#.#.._..####
##..#.##.#.#.....##..
##...##.#.#.###.##.#
#.####.###.#†#.##.# #.####.#
#.###.##.# #......# #.....##.#
#.###### ########..


You could see p0werm0de's ghost.

Vanquished Creatures
  An adder (D:2)
  A dart slug (D:3)
  5 orcs (D:3)
  4 ball pythons
  5 endoplasms
  2 giant cockroaches
  5 goblins
  6 hobgoblins
  3 jackals (D:2)
  5 kobolds
  5 quokkas
  4 bats
  7 frilled lizards
  4 rats
57 creatures vanquished.

Vanquished Creatures (others)
  A wizard (D:3)
1 creature vanquished.

Grand Total: 58 creatures vanquished

Notes
Turn   | Place    | Note
-------+----------+-------------------------------------------
     0 | D:1      | Barriton the Draconian Conjurer began the quest for the
                  | Orb.
     0 | D:1      | Reached XP level 1. HP: 14/14 MP: 3/3
   323 | D:1      | Reached XP level 2. HP: 20/20 MP: 1/5
   327 | D:1      | Learned a level 2 spell: Searing Ray
  1305 | D:2      | Found a faded altar of an unknown god.
  1396 | D:2      | Reached XP level 3. HP: 26/26 MP: 1/6
  2196 | D:3      | Found Ylitziept's Book Boutique.
  2399 | D:3      | Found a runed translucent door.
  2436 | D:3      | Noticed p0werm0de's ghost (weakling MiFi)
  2641 | D:3      | Reached XP level 4. HP: 25/33 MP: 1/8
  2827 | D:3      | Found a bloodstained altar of Trog.
  2955 | D:3      | Noticed a wizard
  2958 | D:3      | Killed a wizard
  3204 | D:3      | Gained mutation: You are dopey. (Int -2) [potion of
                  | mutation]
  3204 | D:3      | Gained mutation: You are weak. (Str -2) [potion of
                  | mutation]
  3204 | D:3      | Gained mutation: You are covered in fur. (AC +1) [potion of
                  | mutation]
  3204 | D:3      | Gained mutation: You expend magic power (3 MP) to
                  | strengthen your wands. [potion of mutation]
  3206 | D:3      | Lost mutation: You are weak. (Str -2) [potion of mutation]
  3206 | D:3      | Lost mutation: You are covered in fur. (AC +1) [potion of
                  | mutation]
  3206 | D:3      | Lost mutation: You are dopey. (Int -2) [potion of mutation]
  3206 | D:3      | Gained mutation: Your spells are a little harder to cast,
                  | but a little more powerful. [potion of mutation]
  3207 | D:3      | Lost mutation: You expend magic power (3 MP) to strengthen
                  | your wands. [potion of mutation]
  3207 | D:3      | Lost mutation: Your spells are a little harder to cast, but
                  | a little more powerful. [potion of mutation]
  3207 | D:3      | Gained mutation: Potions are less effective at restoring
                  | your health. [potion of mutation]
  3207 | D:3      | Gained mutation: You are dopey. (Int -2) [potion of
                  | mutation]
  3207 | D:3      | Gained mutation: You expend magic power (3 MP) to
                  | strengthen your wands. [potion of mutation]
  3221 | D:3      | Slain by p0werm0de's ghost

Illustrated notes

Levels and vault maps discovered:
D:1:      matt_arrival_grand_opening, layout_loops_ring
D:2:      layout_basic, hellmonk_ecumenical_altar_zigzags
D:3:      layout_loops_cross, trog_wizard, hellmonk_ghost_happy_afterlife,
          serial_shops, nicolae_square_shop

Action                   |  1- 3 |  4- 6 || total
-------------------------+-------+-------++-------
Melee: Quarterstaff      |    24 |    11 ||    35
 Cast: Magic Dart        |   100 |    10 ||   110
       Searing Ray       |       |     2 ||     2
  Use: Scroll            |     6 |     2 ||     8
       Potion            |       |     4 ||     4
Armor: Skin              |    12 |     3 ||    15
Dodge: Dodged            |    27 |    12 ||    39
